 Dungeon Crawl Stone Soup version 0.30-a0-304-gdc4b735fe1 (webtiles) character file.

Game seed: 3374259932386436255

51 blackman the Slasher (level 4, -1/35 HPs)
             Began as a Human Monk on Oct 21, 2022.
             Slain by a white imp (3 damage)
             ... summoned by Natasha
             ... on level 3 of the Dungeon.
             The game lasted 00:03:30 (2309 turns).

blackman the Slasher (Human Monk)                   Turns: 2309, Time: 00:03:30

Health: -1/35      AC:  3    Str: 12    XL:     4   Next: 5%
Magic:  4/4        EV: 12    Int: 10    God:
Gold:   237        SH:  5    Dex: 17    Spells: 3/3 levels left

rFire   . . .      SeeInvis .    a - +0 falchion
rCold   . . .      Faith    .    (no shield)
rNeg    . . .      Spirit   .    m - +0 leather armour
rPois   .          Reflect  +    (no helmet)
rElec   .          Harm     .    (no cloak)
rCorr   .          Rampage  .    (no gloves)
Will    .....                    (no boots)
Stlth   ++........               s - amulet of reflection
HPRegen 0.25/turn                (no ring)
MPRegen 0.09/turn                (no ring)

@: slowed, very slow
A: no striking features
a: no special abilities


You were on level 3 of the Dungeon.
You visited 1 branch of the dungeon, and saw 3 of its levels.

You collected 237 gold pieces.

Inventory:

Hand Weapons
 a - a +0 falchion (weapon)
Missiles
 k - 2 poisoned darts (quivered)
Armour
 b - a +0 robe
 m - a +0 leather armour (worn)
Jewellery
 h - a ring of positive energy
 i - a ring of flight
 s - an amulet of reflection (around neck)
Scrolls
 e - a scroll of enchant weapon {unknown}
 f - a scroll of vulnerability {unknown}
 j - 2 scrolls of blinking {unknown}
 l - 3 scrolls of teleportation {unknown}
 n - a scroll of identify {unknown}
 r - a scroll of amnesia {unknown}
Potions
 c - a potion of ambrosia
 d - a potion of invisibility {unknown}
 g - a potion of heal wounds {unknown}
 o - 2 potions of flight {unknown}
 p - a potion of magic {unknown}
 q - 2 potions of curing {unknown}


   Skills:
 - Level 3.0 Fighting
 + Level 4.6 Long Blades
 - Level 3.0 Dodging
 - Level 2.0 Stealth


You had 3 spell levels left.
You didn't know any spells.
Your spell library contained the following spells:

 Spells                   Type           Power      Damage    Failure   Level
 Portal Projectile        Hex/Tloc       0%         N/A       82%         3
 Tukima's Dance           Hex            0%         N/A       82%         3
 Blade Hands              Tmut           0%         N/A       100%        5


Dungeon Overview and Level Annotations

Branches:
Dungeon (3/15)

Altars:

Annotations:
D:3 Natasha


Message History

You block Natasha's attack.
You closely miss Natasha. The kobold hits you but does no damage.
Natasha barely misses you. The kobold barely misses you.
You barely miss Natasha.
Natasha stares at you and mumbles some strange words.
You resist with some effort.
The kobold hits you with a +0 short sword.
Natasha closely misses you.
You hit Natasha.
Natasha is lightly wounded.
The kobold hits you but does no damage. Natasha misses you.
The kobold hits you but does no damage.
You closely miss Natasha.
Natasha is lightly wounded.
Natasha casts a spell.
You block the kobold's attack. Natasha claws you. The kobold barely misses you.
You hit Natasha but do no damage.
Natasha is lightly wounded.
Natasha casts a spell.
The white imp misses you. The kobold misses you.
Natasha claws you but does no damage.
You hit Natasha.
Natasha is moderately wounded.
The kobold barely misses you. The white imp hits you.
The white imp freezes you. Natasha claws you. You block the kobold's attack.
The white imp completely misses you.
You are too injured to fight recklessly!
You closely miss Natasha.
Natasha is moderately wounded.
Natasha claws you!
* * * LOW HITPOINT WARNING * * *
The kobold barely misses you. The white imp hits you.
* * * LOW HITPOINT WARNING * * *
The white imp freezes you.
* * * LOW HITPOINT WARNING * * *
Natasha claws you but does no damage. The shadow imp closely misses you.
You hit Natasha.
Natasha is severely wounded.
You block the kobold's attack. The white imp hits you.
You die...

...#.#+#....(
............
#...........
#...........
#......(....
##...........
#...5.K......
#....@h......
####.....5......
#..........#####
#.###......# #.#
######## #.# #.#
#.# #.#


You could see Natasha, a white imp (summoned), a shadow imp (summoned) and a
kobold.

Vanquished Creatures
  3 adders
  A worm (D:2)
  A bat (D:2)
  2 endoplasms (D:1)
  2 giant cockroaches
  4 goblins
  3 hobgoblins
  2 ball pythons (D:1)
  2 kobolds
20 creatures vanquished.

Vanquished Creatures (others)
  9 toadstools
9 creatures vanquished.

Grand Total: 29 creatures vanquished

Notes
Turn   | Place    | Note
-------+----------+-------------------------------------------
     0 | D:1      | blackman the Human Monk began the quest for the Orb.
     0 | D:1      | Reached XP level 1. HP: 18/18 MP: 1/1
   346 | D:1      | Reached XP level 2. HP: 14/24 MP: 2/2
  1582 | D:2      | Reached skill level 4 in Long Blades
  1582 | D:2      | Reached XP level 3. HP: 28/29 MP: 3/3
  2293 | D:3      | Noticed Natasha
  2300 | D:3      | Reached XP level 4. HP: 34/35 MP: 4/4
  2309 | D:3      | Slain by a white imp

Illustrated notes

Levels and vault maps discovered:
D:1:      ldierk_walled_garden_2, layout_basic
D:2:      layout_loops_corners, minmay_gold_behind_fungi, chequers_mini_garden,
          minivault_14, st_stairs_6
D:3:      layout_basic, minmay_crystal_water, uniq_natasha

Skill      XL: |  1  2 |
---------------+-------+-----
Long Blades    | 4 |  4.6
Fighting       | |  3.0
Dodging        | |  3.0
Stealth        | |  2.0

Action                   |  1- 3 |  4- 6 || total
-------------------------+-------+-------++-------
Melee: Falchion          |    64 |    10 ||    74
       Punch             |     1 |       ||     1
Throw: Dart              |     7 |       ||     7
 Stab: Sleeping          |     5 |       ||     5
Armor: Robe              |     3 |       ||     3
       Leather armour    |    15 |     5 ||    20
Dodge: Dodged            |    35 |    11 ||    46
Block: Other             |       |     4 ||     4

Table legend: (Time is in decaauts)
 A = Elapsed time spent in this place.
 B = Non-inter-level travel time spent in this place.
 C = Inter-level travel time spent in this place.
 D = Time resting spent in this place.
 E = Time spent auto-exploring this place.
 F = Levels seen in this place.
 G = Mean time per level.
                   A        B        C        D        E       F      G
               +--------+--------+--------+--------+--------+-----+--------+
         Total |   2327 |   2234 |     93 |    230 |   1718 |   3 |  775.7 |
       Dungeon |   2327 |   2234 |     93 |    230 |   1718 |   3 |  775.7 |
               +--------+--------+--------+--------+--------+-----+--------+

Top non-repeatable levels by time:
     D:2: 1166 daAuts
     D:1: 1102 daAuts
     D:3: 57 daAuts
